 Dungeon Crawl Stone Soup version 0.23.2-1-ga50397a (webtiles) character file.

Game seed: 3263392008548342055

1318 sankara the Cleaver (level 8, 0/70 HPs)
             Began as a Hill Orc Fighter on May 29, 2019.
             Was an Initiate of Ru.
             Slain by an orc warrior
             ... wielding a +0 glaive
              (10 damage)
             ... on level 6 of the Dungeon.
             The game lasted 00:16:07 (5405 turns).

sankara the Cleaver (Hill Orc Fighter)              Turns: 5405, Time: 00:16:07

Health: 0/70       AC: 13    Str: 21    XL:     8   Next: 59%
Magic:  8/8        EV:  4    Int:  8    God:    Ru [......]
Gold:   238        SH: 10    Dex: 14    Spells: 7/7 levels left

rFire    . . .     SeeInvis .   a - +0 war axe
rCold    + . .     Gourm    .   c - +0 shield
rNeg     . . .     Faith    .   O - +0 plate armour {rC+}
rPois    +         Spirit   .   k - +0 helmet
rElec    .         Reflect  .   (no cloak)
rCorr    .         Harm     .   (no gloves)
MR       .....                  (no boots)
Stlth    ..........             (no amulet)
HPRegen  0.21/turn              z - ring of poison resistance {rPois, !d}
MPRegen  0.11/turn              N - ring of the Coward {Wiz Dex+4}

@: no status effects
A: no striking features
a: Sacrifice Durability, Sacrifice Skill, Sacrifice Words, Reject Sacrifices,
Renounce Religion


You were on level 6 of the Dungeon.
You worshipped Ru.
Ru was noncommittal.
You were not hungry.

You visited 1 branch of the dungeon, and saw 6 of its levels.
You also visited: Sewer.

You collected 238 gold pieces.

Inventory:

Hand Weapons
 a - a +0 war axe (weapon)
 b - a +0 hunting sling
   (You found it on level 1 of the Dungeon)
 x - a +1 dagger of freezing
   (You took it off an orc on level 3 of the Dungeon)
 B - a +0 blowgun
   (You took it off a kobold on level 3 of the Dungeon)
Missiles
 i - 140 stones (quivered)
 j - 7 silver javelins
 o - 61 sling bullets
 G - 2 tomahawks
Armour
 c - a +0 shield (worn)
 k - a +0 helmet (worn)
   (You found it on level 1 of the Dungeon)
 q - a +2 hat
   (You found it on level 2 of the Dungeon)
 y - a +2 ring mail of fire resistance
   (You took it off an orc on level 3 of the Dungeon)
 O - a +0 plate armour of cold resistance (worn)
   (You took it off an orc warrior on level 6 of the Dungeon)
Jewellery
 v - an uncursed ring of ice {rC+, rF-}
   (You found it on level 2 of the Dungeon)
 z - a ring of poison resistance (left hand) {rPois, !d}
   (You found it on level 3 of the Dungeon)
 N - the ring of the Coward (right hand) {Wiz Dex+4}
   (You found it on level 5 of the Dungeon)

   [ring of wizardry]

   It improves your spell success rate.
   It affects your dexterity (+4).
Wands
 u - a wand of polymorph (9)
   (You found it on level 2 of the Dungeon)
 w - a wand of iceblast (6)
   (You took it off Ijyb on level 4 of the Dungeon)
Scrolls
 e - 2 scrolls of teleportation
 g - 3 scrolls of fog {unknown}
 l - 3 scrolls of identify {unknown}
 p - 2 scrolls of remove curse
 s - a scroll of enchant weapon {unknown}
 D - a scroll of amnesia {unknown}
 F - a scroll of immolation {unknown}
 H - a scroll of noise {unknown}
 J - a scroll of blinking {unknown}
 L - a scroll of magic mapping {unknown}
 M - a scroll of holy word {unknown}
Potions
 d - a potion of might
 h - 2 potions of resistance {unknown}
 m - a potion of brilliance {unknown}
 r - 2 potions of curing
 t - 3 potions of flight {unknown}
 A - a potion of heal wounds {unknown}
 C - 4 potions of lignification {unknown}
 E - a potion of agility {unknown}
Comestibles
 f - 7 rations
 K - 9 chunks of flesh {@w0}


   Skills:
 + Level 6.3 Fighting
 * Level 8.4 Axes
 + Level 2.7 Throwing
 + Level 5.6 Armour
 + Level 5.7 Shields


You had 7 spell levels left.
You didn't know any spells.
Your spell library was empty.

Dungeon Overview and Level Annotations

Branches:
Dungeon (6/15)
 Temple: D:4-7

Altars:
Elyvilon
Hepliaklqana
Kikubaaqudgha
Ru
Wu Jian
Zin

Annotations:
D:4 3 runed translucent doors, DKeggars's ghost, amateur MiBe


Message History

The stone hits the orc but does no damage.
The orc is severely wounded.
A bullfrog comes into view.
The bullfrog moves out of view.
Firing (i - inventory. (/) - cycle)
i - 142 stones (quivered)
Press: ? - help, Shift-Dir - straight line, f/p - orc
Aim: an orc, wearing a +0 leather armour (severely wounded)
You shoot a stone. The stone barely misses the orc.
Firing (i - inventory. (/) - cycle)
i - 141 stones (quivered)
Press: ? - help, Shift-Dir - straight line, f/p - orc
Aim: an orc, wearing a +0 leather armour (severely wounded)
You shoot a stone.
The stone hits the orc but does no damage.
The orc is severely wounded.
a - a +0 war axe (weapon)
The orc hits you but does no damage.
You slash the orc!
You kill the orc!
The orc warrior hits you but does no damage.
Things that are here:
a +0 leather armour; an orc corpse An orc priest comes into view.
It is wielding a +0 falchion.
You block the orc's attack.
You closely miss the orc warrior.
The orc priest shouts!
You hit the orc. The orc warrior completely misses you.
The orc barely misses you.
You hit the orc.
The orc is severely wounded.
You closely miss the orc warrior.
The orc warrior hits you with a +0 glaive!
An orc comes into view. It is wielding a +0 flail.
You block the orc's attack.
You closely miss the orc.
The orc is severely wounded.
Your plate armour prevents you from hitting the orc warrior.
You block the orc warrior's attack. The orc barely misses you.
You slash the orc!
You kill the orc!
You hit the orc warrior.
The orc warrior hits you but does no damage.
The orc priest hits you but does no damage.
The orc priest threatens, "By the altar or by the axe, you will meet Beogh!"
You barely miss the orc warrior.
The orc warrior is lightly wounded.
You hit the orc priest.
The orc priest threatens, "By the altar or by the axe, you will meet Beogh!"
You block the orc warrior's attack.
The orc priest shouts, "Join the one true god or die!"
Your shield and plate armour prevent you from hitting the orc priest.
The orc priest is lightly wounded.
You hit the orc warrior but do no damage.
The orc throws a stone.
The stone barely misses you.
The orc priest shouts, "Join the one true god or die!"
You block the orc priest's attack.
The orc warrior hits you with a +0 glaive!!
You are too injured to fight recklessly!
You are too injured to fight recklessly!
You are too injured to fight recklessly!
You hit the orc priest.
The orc priest is heavily wounded.
The orc priest shouts, "Beogh is our master!
Accept the truth or die!"
You hit the orc warrior.
The orc throws a stone.
The stone barely misses you. The orc priest completely misses you.
The orc warrior hits you with a +0 glaive!
You barely miss the orc priest.
The orc priest is heavily wounded.
You closely miss the orc warrior.
The orc priest calls down the wrath of Beogh upon you.
You struggle to resist.
The orc warrior barely misses you.
You hit the orc priest but do no damage.
The orc priest is heavily wounded.
You closely miss the orc warrior. You closely miss the orc.
You block the orc's attack. You block the orc priest's attack.
The orc warrior hits you with a +0 glaive.
You slash the orc priest!
You kill the orc priest!
You hit the orc. You hit the orc warrior. You block the orc's attack.
You closely miss the orc warrior.
The orc warrior is moderately wounded.
You slash the orc!
You kill the orc!
The orc warrior hits you with a +0 glaive!!
* * * LOW HITPOINT WARNING * * *
You closely miss the orc warrior.
The orc warrior is moderately wounded.
The orc warrior hits you but does no damage.
Your plate armour prevents you from hitting the orc warrior.
The orc warrior is moderately wounded.
The orc warrior barely misses you.
Your shield and plate armour prevent you from hitting the orc warrior.
The orc warrior is moderately wounded.
The orc warrior hits you but does no damage.
You hit the orc warrior but do no damage.
The orc warrior is moderately wounded.
The orc warrior hits you but does no damage.
You closely miss the orc warrior.
The orc warrior is moderately wounded.
The orc warrior hits you with a +0 glaive!
You die...

....# ...######.# ...
..........# ...
.########## .. .# #(
.# ###(# .# ##
.(.####.# )#
######..###)o...).. .#
#.........)@# .#
#.########[.# .#
#.#....##...# .#
#.#._.....⌠.# .#
#[#.≈..≈≈≈..# .#
##.#..≈≈≈≈≈..# .#
#..##..≈≈≈≈..##
.####..##...≈≈≈...#
.......#....≈≈≈...####


You could see an orc warrior.

Vanquished Creatures
  A water moccasin (D:5)
  An orc warrior (D:6)
  3 ogres
  2 centaurs
  A big kobold (Sewer)
  A scorpion (D:4)
  An electric eel (D:6)
  A crimson imp (D:5)
  2 hounds (D:4)
  2 orc priests
  A jelly (D:5)
  3 orc wizards
  A bullfrog skeleton (D:5)
  A centaur skeleton (D:5)
  Ijyb (D:4)
  A worker ant (D:5)
  5 adders
  A shadow imp (D:5)
  2 oozes
  An adder skeleton (D:4)
  A worm (D:3)
  4 dart slugs
  3 leopard geckos
  12 orcs
  4 ball pythons
  2 giant cockroaches
  10 goblins
  5 hobgoblins
  7 jackals
  3 quokkas
  7 bats
  5 frilled lizards
  A giant cockroach zombie (D:5)
  11 kobolds
  A quokka skeleton (D:5)
  9 rats
117 creatures vanquished.

Vanquished Creatures (others)
  3 fungi (D:4)
  A plant (D:4)
4 creatures vanquished.

Grand Total: 121 creatures vanquished

Notes
Turn   | Place    | Note
-------+----------+-------------------------------------------
     0 | D:1      | sankara the Hill Orc Fighter began the quest for the Orb.
     0 | D:1      | Reached XP level 1. HP: 19/19 MP: 1/1
    59 | D:1      | Reached skill level 3 in Axes
    75 | D:1      | Reached XP level 2. HP: 22/27 MP: 2/2
   820 | D:2      | Reached skill level 4 in Fighting
   820 | D:2      | Reached XP level 3. HP: 15/33 MP: 3/3
  1172 | D:2      | Found an ornate altar of the Wu Jian Council.
  1263 | D:2      | Reached skill level 4 in Axes
  1263 | D:2      | Reached XP level 4. HP: 40/40 MP: 4/4
  1752 | D:2      | Found a sacrificial altar of Ru.
  1759 | D:2      | Became a worshipper of Ru the Awakened
  1931 | D:3      | Reached skill level 4 in Armour
  1931 | D:3      | Reached skill level 4 in Shields
  1931 | D:3      | Reached XP level 5. HP: 39/47 MP: 5/5
  2095 | D:3      | Reached skill level 5 in Axes
  2216 | D:3      | Found a glowing drain.
  2220 | Sewer    | Entered a sewer
  2283 | Sewer    | Noticed a big kobold
  2299 | Sewer    | Killed a big kobold
  2299 | Sewer    | Reached XP level 6. HP: 52/55 MP: 6/6
  2351 | Sewer    | Found a white marble altar of Elyvilon.
  2933 | D:4      | Noticed Ijyb
  2958 | D:4      | Killed Ijyb
  2958 | D:4      | Reached skill level 5 in Fighting
  3064 | D:4      | Reached skill level 6 in Axes
  3066 | D:4      | Found a hazy altar of Hepliaklqana.
  3113 | D:4      | Found a white marble altar of Elyvilon.
  3262 | D:4      | Reached skill level 1 in Throwing
  3262 | D:4      | Reached XP level 7. HP: 44/61 MP: 7/7
  3333 | D:4      | Found a runed translucent gate.
  3333 | D:4      | Found a runed translucent gate.
  3333 | D:4      | Found a runed translucent gate.
  3334 | D:4      | Identified the +4 whip of Xinorhum {pain, rN++ Int+3}
  3334 | D:4      | Noticed DKeggars's ghost (amateur MiBe)
  4029 | D:4      | Found a glowing silver altar of Zin.
  4077 | D:5      | Entered Level 5 of the Dungeon
  4120 | D:5      | Reached skill level 5 in Shields
  4306 | D:5      | Reached skill level 5 in Armour
  4420 | D:5      | Reached skill level 7 in Axes
  4733 | D:5      | Reached skill level 2 in Throwing
  4733 | D:5      | Reached XP level 8. HP: 60/70 MP: 8/8
  4938 | D:5      | Got a shimmering platinum ring
  4939 | D:5      | Identified the ring of the Coward {Wiz Dex+4} (You found it
                  | on level 5 of the Dungeon)
  5280 | D:6      | Reached skill level 6 in Fighting
  5280 | D:6      | Reached skill level 8 in Axes
  5367 | D:6      | Found an ancient bone altar of Kikubaaqudgha.
  5400 | D:6      | HP: 9/70 [orc warrior/+0 glaive (19)]
  5405 | D:6      | Slain by an orc warrior

Skill      XL: |  1  2  3  4  5  6  7  8 |
---------------+-------------------------+-----
Axes           | 3 4 5 6 7 8 |  8.4
Fighting       | 4 5 6 |  6.3
Armour         | 4 5 |  5.6
Shields        | 4 5 |  5.7
Throwing       | 1 2 |  2.7

Action                   |  1- 3 |  4- 6 |  7- 9 || total
-------------------------+-------+-------+-------++-------
Melee: War axe           |   104 |   103 |   148 ||   355
 Fire: Hunting sling     |    26 |    74 |    53 ||   153
  Use: Scroll            |     2 |     1 |       ||     3
       Potion            |       |     1 |       ||     1
  Eat: Chunk             |     1 |     6 |     8 ||    15
Armor: Scale mail        |    55 |    64 |    29 ||   148
       Chain mail        |       |       |    18 ||    18
       Plate armour      |       |       |     6 ||     6
Dodge: Dodged            |    44 |    50 |    59 ||   153
Block: Shield            |    82 |    79 |    76 ||   237

Levels and vault maps discovered:
D:1:      shiori_arrival_maze, layout_basic, hangedman_decor_clover_reticule,
          minivault_14, st_stairs_7
D:2:      layout_basic, lemuel_coloured_pillars_altar, first_ration,
          nicolae_ru_the_path_less_chosen
D:3:      layout_loops_ring, gup_sewer_entry_bowl
D:4:      kennysheep_the_goblin_king, layout_basic, zin_statuary,
          old_standard_altar, elyvilon_altar_4, gammafunk_ghost_nasty_kobolds,
          bh_walls_and_bars
D:5:      layout_loops_ring
D:6:      layout_loops_ring, kiku_gazebo_pond_becter, basic_altar,
          water_boxes_lemuel, uniq_grinder, uniq_crazy_yiuf_cottage
Sewer:    sewer_kobolds

Table legend:
 A = Turns spent in this place as a percentage of turns spent in the entire game.
 B = Non-inter-level travel turns spent in this place as a percentage of non-inter-level travel turns spent in the entire game.
 C = Inter-level travel turns spent in this place as a percentage of turns spent in this place.
 D = Turns resting spent in this place as a percentage of non-inter-level travel turns spent in this place.
 E = Turns spent auto-exploring this place as a percentage of non-inter-level travel turns spent in this place.
 F = Non-inter-level travel turns spent in this place divided by the number of levels of this place that you've seen.
                   A       B       C       D       E      F
               +-------+-------+-------+-------+-------+----------------------
         Total | 100.0 | 100.0 |   3.7 |  16.2 |  62.8 | 743.9
       Dungeon |  96.3 |  96.2 |   3.8 |  16.9 |  63.0 | 834.7
         Sewer |   3.7 |   3.8 |   0.0 |   0.0 |  56.8 | 199.0
               +-------+-------+-------+-------+-------+----------------------

Table legend:
 A = Kills in this place as a percentage of kills in entire the game.
 B = Kills by you in this place as a percentage of kills by you in the entire game.
 C = Kills by friends in this place as a percentage of kills by friends in the entire game.
 D = Other kills in this place as a percentage of other kills in the entire game.
 E = Experience gained in this place as a percentage of experience gained in the entire game.
 F = Experience gained in this place divided by the number of levels of this place that you have seen.
                   A       B       C       D       E      F
               +-------+-------+-------+-------+-------+----------------------
         Total | 100.0 | 100.0 |   N/A |   N/A | 100.0 | 269.1
       Dungeon |  92.3 |  92.3 |   N/A |   N/A |  94.4 | 296.3
         Sewer |   7.7 |   7.7 |   N/A |   N/A |   5.6 | 106.0
               +-------+-------+-------+-------+-------+----------------------
